[Event "Polish Youth B18 Championship 2023"]
[Site "Jastrzebia Gora"]
[Date "2023.03.18"]
[Round "8.5"]
[White "Kacprzak, Kacper"]
[Black "Taranowicz, Michal"]
[Result "1-0"]
[ECO "B09"]
[WhiteElo "2248"]
[BlackElo "1900"]
[Annotator "TA"]
[PlyCount "115"]
[EventDate "2023.03.11"]
[EventType "swiss"]
[EventCountry "POL"]
[SourceTitle "playchess.com"]
[Source "ChessBase"]
[SourceQuality "1"]
[TimeControl "40/5400+30:1800+30"]

1. e4 d6 2. d4 Nf6 3. Nc3 g6 4. f4 Bg7 5. Nf3 O-O 6. Bd3 Nc6 7. e5 dxe5 8. fxe5 Nh5 9. Be3 Bg4 10. Be2 f6 11. exf6 exf6 12. Qd2 {[%emt 0:07:33] B09: Pirc Defence: Austrian Attack.} Re8 13. O-O-O Ne7 $1 {[%emt 0:03:33] [#] Threatens to win with ...Nf5.} 14. Qd3 $146 {[%emt 0:22:00] The position is equal.} ({Predecessor:} 14. Ne5 Bxe2 15. Qxe2 fxe5 16. dxe5 Qc8 17. g4 Nf5 18. gxf5 Qxf5 19. Qc4+ Qf7 20. Qxf7+ Kxf7 21. Rd7+ Kg8 22. Nd5 Bxe5 23. Bg5 {½-½ Tate,A (2342)-Rasik,V (2475) Pardubice Czech op 22nd 2011 (8)}) 14... c6 15. Kb1 b5 16. Rhe1 Be6 17. Nh4 b4 (17... Bc4 $5 18. Qd2 $8 Bxe2 19. Rxe2 b4 $11) 18. Na4 Qa5 (18... Nd5 {feels hotter.} 19. Bxh5 Qa5 20. b3 gxh5 21. Bd2 Qb5) 19. Qa6 (19. b3 {looks sharper.} Nd5 20. Bxh5 gxh5 21. Bd2) 19... Qxa6 ({Don't play} 19... Qd5 20. Nc5 Bf8 21. Nxe6 Qxe6 22. g4 $16 (22. Bd2 Qd6 $16)) 20. Bxa6 Bg4 21. Rc1 g5 22. Nf3 Nf5 23. Bg1 Nf4 $1 24. Bf1 ({Better is} 24. Bb7 $15) 24... Bxf3 $17 25. gxf3 Nh4 $1 {[%emt 0:00:04] A dynamic duo of knights.} 26. Bc4+ Kh8 27. Rf1 Bf8 ({Not} 27... Ne2 28. Bxe2 Rxe2 29. c3 $11) (27... Nh3 $142 28. d5 Nxg1 29. Rxg1 Nxf3) 28. Rcd1 Rad8 29. c3 Nhg2 (29... Nh3 $17 30. Bf2 Nxf3) 30. Kc2 (30. Bf7 $11 {keeps the balance.}) 30... h5 31. Rd2 h4 32. Nc5 bxc3 33. bxc3 Bxc5 (33... h3 $17) 34. dxc5 $15 Kg7 (34... Rxd2+ $15 35. Kxd2 h3) 35. Rd6 $11 Rb8 36. Bf2 {[%emt 0:06:32] Inhibits Ne1+.} Nd5 {[%emt 0:02:47][%mdl 64] Deflection} 37. Bxd5 (37. Rxc6 $2 Nge3+ 38. Bxe3 Nxe3+ 39. Kd3 Nxf1 $19) 37... cxd5 38. Rxd5 Re2+ 39. Rd2 Rxd2+ (39... Ne3+ $1 $11 {remains equal.} 40. Bxe3 Rxe3) 40. Kxd2 {[%emt 0:00:00][%mdl 4096] Endgame KRB-KRN} Rb2+ (40... Nf4 $142) 41. Kd3 $16 {[%emt 0:04:35] And now c6 would win.} Kf7 42. Kc4 Ke7 43. Bd4 {[%emt 0:06:22] Rd1 is the strong threat.} Kd7 (43... f5 $16 {is a better defense.} 44. Rf2 Rxf2 45. Bxf2 g4) 44. Rf2 $1 $18 (44. Bxf6 $2 {too greedy.} Ne3+ 45. Kd3 Nxf1 $19) 44... Rxf2 45. Bxf2 {[%emt 0:00:02] KB-KN} Nf4 46. Be3 $2 (46. Kb5 $18) 46... Ne6 $2 {[%emt 0:00:29][%mdl 8192] [#]} (46... Ng2 $1 $14 47. Bf2 a6) 47. c6+ $2 Kxc6 $16 48. Bxa7 ({White should play} 48. Kd3 $16) 48... f5 $11 49. Bf2 Nf4 $2 {[%emt 0:01:08] [#]} (49... h3 $1 $14) 50. Kd4 $1 $18 {[%emt 0:00:58] Black must now prevent Be3.} Nh3 (50... Kd6 $142 51. a4 Ne6+ 52. Kc4 Kc6) 51. Be1 (51. Be3 $142) 51... Ng1 52. Ke3 {[%emt 0:00:12] Strongly threatening f4.} Kb5 $2 (52... Nh3 53. Bd2 Nf4) 53. f4 {[%emt 0:00:43][%mdl 64] Deflection} g4 54. Bxh4 Nf3 55. Bg3 {[%emt 0:00:11] White mates.} Kc4 56. h4 Kxc3 57. h5 Nd4 58. h6 {[%emt 0:00:10] Weighted Error Value: White=0.32/Black=0.34} 1-0

[Event "Polish Youth B18 Championship 2023"]
[Site "Jastrzebia Gora"]
[Date "2023.03.18"]
[Round "8.6"]
[White "Chyzy, Jakub"]
[Black "Ciszewski, Krzysztof"]
[Result "1-0"]
[ECO "B92"]
[WhiteElo "2250"]
[BlackElo "2047"]
[Annotator "TA"]
[PlyCount "89"]
[EventDate "2023.03.11"]
[EventType "swiss"]
[EventCountry "POL"]
[SourceTitle "playchess.com"]
[Source "ChessBase"]
[SourceQuality "1"]
[TimeControl "40/5400+30:1800+30"]

1. e4 c5 2. Nf3 d6 3. d4 cxd4 4. Nxd4 Nf6 5. Nc3 a6 6. Be2 e5 7. Nb3 Be7 8. O-O O-O 9. Qd3 b5 {[%emt 0:04:53] B92: Sicilian Najdorf: 6 Be2.} 10. a4 b4 11. Nd5 Nxd5 {[%emt 0:00:22] The position is equal.} 12. Qxd5 Ra7 13. Be3 Be6 14. Qd2 Rb7 15. a5 Qc8 16. Bb6 Qc6 17. Rfd1 {[%emt 0:16:55] [#]} ({Don't play} 17. Qxb4 Qxc2 18. Nc1 d5 $17) 17... Bc4 $146 (17... Qxe4 $2 18. Bf3 Qc4 19. Bxb7 $18) ({Predecessor:} 17... Rd7 18. Bf3 Rc8 19. Qxb4 Rb7 20. Qa3 Nd7 21. Be2 Ra8 22. Bd3 Nxb6 23. axb6 Qxb6 24. Na5 Rc7 25. Nb3 Rb7 {1-0 Pulpan,J (2390)-Richter,L (2268) Oberliga Ost-A 1718 2017 (6.1)}) 18. Bg4 Be6 (18... Qxe4 $2 19. Bf3 Qg6 20. Bxb7 $18) 19. Be2 Bc4 (19... Qxe4 $2 20. Bf3 Qc4 21. Bxb7 $18) 20. Bxc4 Qxc4 21. Ra4 Qxe4 22. Rxb4 Qc6 23. h3 (23. Rg4 $11) 23... Nd7 $17 24. Be3 Rxb4 25. Qxb4 Rb8 26. Qd2 Nf6 27. Qd3 Qb5 (27... g6 $15) 28. Qf5 g6 29. Qf3 Qc4 {[%emt 0:04:17] [#] Hoping for ...e4.} 30. Rd2 Ne4 {[%emt 0:02:57] Repels Bg5} 31. Re2 (31. Rd3 $11 {keeps the balance.}) 31... f5 (31... Rb4 $142 32. Bd2 Ra4) 32. Bb6 Rc8 (32... Bg5 $17) 33. Kh2 (33. Nd2 $1 $11 {remains equal.} Ng5 34. Qb7 Qxe2 35. Qxc8+ Kf7 36. Nf1) 33... Qc6 ({Black should play} 33... Bg5 $17) 34. Qd3 $15 Nf6 35. Qxa6 Nd5 (35... Kf7 $5 ) 36. Rd2 {[%emt 0:00:42][%cal Od2d5] [#] And now Rxd5! would win.} Nxb6 (36... Rb8 $11) 37. axb6 $16 (37. Qxb6 Qxb6 38. axb6 Rb8 $15) 37... Rb8 $2 {[%emt 0:00:36][%mdl 8192] A mistake that costs the game.} (37... Ra8 $16 {was worth a try.} 38. Na5 Qe4 39. Qc4+ Qxc4 40. Nxc4 Rb8) 38. Qa7 $1 $18 Qb7 (38... Rb7 $142 39. Na5 {[%mdl 64] Deflection} Qa4 40. Qxb7 (40. Nxb7 Qf4+ 41. g3 Qxd2 $14) (40. Qa8+ Kf7 $16) 40... Qf4+ 41. g3 Qxd2) 39. Na5 Qxb6 40. Qxe7 Qxa5 41. Rxd6 {[%emt 0:01:21] Threatening mate with Rd7. KQR-KQR} Qa4 42. Qe6+ Kf8 43. Qxe5 {[%emt 0:00:51] Rf6+ would kill now.} Re8 44. Qh8+ Ke7 45. Qf6# {[%emt 0:00:05] Weighted Error Value: White=0.17 (very precise) /Black=0.51} 1-0

[Event "Polish Youth B18 Championship 2023"]
[Site "Jastrzebia Gora"]
[Date "2023.03.18"]
[Round "8.7"]
[White "Biesiadecki, Adam"]
[Black "Turski, Bartlomiej"]
[Result "1/2-1/2"]
[ECO "E71"]
[WhiteElo "1761"]
[BlackElo "2352"]
[Annotator "TA"]
[PlyCount "113"]
[EventDate "2023.03.11"]
[EventType "swiss"]
[EventCountry "POL"]
[SourceTitle "playchess.com"]
[Source "ChessBase"]
[SourceQuality "1"]
[TimeControl "40/5400+30:1800+30"]

1. d4 Nf6 2. c4 g6 3. Nc3 Bg7 4. e4 d6 5. h3 O-O 6. Be3 c5 7. d5 e6 8. Nf3 exd5 9. exd5 Na6 10. Bd3 Nb4 {[%emt 0:00:25] E90: King's Indian: Classical: Early deviations and 6 h3.} 11. Be2 $1 {[%emt 0:00:16][%mdl 4] now scores much better than the old 11.Bb1.} Bf5 12. Rc1 {[%emt 0:00:06] Inhibits Nc2+.} Qa5 {[%emt 0:10:36] [#]} 13. g4 $146 (13. Qd2 $5) ({Predecessor:} 13. O-O Nxa2 14. Ra1 Nxc3 15. Rxa5 Nxd1 16. Rxd1 b6 17. Ra2 a5 18. Bf4 Rfe8 19. Kf1 {0-1 Peycheva,G (2150)-Fitzsimons,D (2337) Palic Karadzic Memorial op 2017 (2)}) 13... Bd7 {[%emt 0:11:34] [#]} (13... Be4 $11 {keeps the balance.}) 14. Qd2 $1 $16 Rfe8 15. a3 Na6 16. Kf1 (16. O-O $14) 16... b5 $1 $11 17. cxb5 Nc7 18. Kg2 ({Better is} 18. Bc4 $14) 18... Nfxd5 {[%emt 0:04:21][%mdl 64] Decoy} (18... Bxb5 $2 19. Nxb5 Qxd2 20. Nxd2 $18 (20. Bxd2 Rxe2 21. Nxc7 Rc8 $18)) 19. Rhd1 {[%emt 0:06:04] [#]} (19. Nxd5 $15 Qxd2 {[%mdl 64] Remove Defender} 20. Bxd2 Nxd5 21. Bc4) 19... Bxc3 (19... Nxc3 $142 $1 20. bxc3 Nxb5 21. Bxb5 Qxb5) 20. bxc3 $17 Nxe3+ (20... Qxa3 21. Bh6 $18) 21. fxe3 d5 (21... Nxb5 $6 22. c4 Qxd2 23. Rxd2 $11) (21... Qxa3 $6 22. Bc4 Nxb5 23. Ng5 $11) (21... Bxb5 $17 22. c4 Qxd2 23. Rxd2 Ba6) 22. c4 $11 Qxa3 23. cxd5 (23. Rc3 Qb4 $15) (23. Kf2 $142 $1 Qb4 24. Qc2) 23... Bxb5 24. Bxb5 Nxb5 25. d6 (25. Qd3 $1 $11 {was the only way to keep the balance.}) 25... Rad8 (25... Qxe3 $2 26. Qxe3 Rxe3 27. d7 $18) (25... Rxe3 $142 26. Ra1 Qb3) 26. d7 $17 Rxe3 (26... Qxe3 $2 27. dxe8=Q+ Rxe8 28. Qxe3 Rxe3 29. Rxc5 $18) (26... Re7 $15 27. Qd3 Qxd3 28. Rxd3 Rexd7 29. Rxd7 Rxd7 30. Rxc5 a6) 27. Re1 $2 (27. Ra1 $11 Qb3 28. Rab1 (28. Rdb1 $2 Qe6 $19)) 27... Rxf3 $19 28. Re8+ Kg7 29. Rxd8 Rg3+ (29... Rxh3 30. Rg8+ Kxg8 31. d8=Q+ (31. d8=R+ Kg7 $15) 31... Kg7 32. Qf4 $18) 30. Kf1 Qf3+ (30... Rxh3 31. Rg8+ Kxg8 32. d8=Q+ (32. d8=B $2 Qf3+ 33. Qf2 Rh1#) 32... Kg7 33. Qa8 $11 (33. Q8d5 Nd4 $11)) 31. Qf2 Qh1+ {[%emt 0:00:33][%mdl 64] Skewer, Double Attack} (31... Rxh3 32. Rg8+ (32. Rxc5 $2 Rh1#) 32... Kxg8 33. d8=Q+ (33. d8=R+ Kg7 $15) 33... Kg7 34. Qxf3 (34. Rxc5 $2 Rh1#) 34... Rxf3+ 35. Kg2 $18) 32. Ke2 Qe4+ (32... Qxc1 33. Rg8+ (33. Qxg3 $2 Nd4+ 34. Kf2 Qd2+ 35. Kf1 Qe2+ 36. Kg1 Nf3+ $19) 33... Kh6 34. Qxg3 (34. d8=B $2 Nc3#) (34. g5+ $2 Qxg5 $19) 34... Nd4+ 35. Kf2 Qc2+ 36. Kf1 Qc4+ 37. Kg2 Qd5+ 38. Kf2 (38. Kf1 Qc4+ 39. Kg2 Qd5+ 40. Kf2 Qa2+ 41. Kf1 Qc4+ $14) 38... Qa2+ 39. Kf1 Qc4+ 40. Kg2 Qd5+ 41. Kf1 Qc4+ $14) (32... Nc3+ 33. Rxc3 Qe4+ 34. Re3 Qc4+ 35. Kd1 (35. Ke1 Qc1+ 36. Ke2 Qc4+ 37. Kd1 Qd4+ 38. Qd2 Qa1+ 39. Kc2 Qa2+ 40. Kd3 c4+ 41. Kc3 Qa5+ 42. Kc2 Qa2+ 43. Kc3 Qa5+ 44. Kc2 Qa2+ 45. Kc3 $11) 35... Qd4+ 36. Ke2 Qc4+ 37. Ke1 Qc1+ 38. Ke2 Qc4+ $11) 33. Kf1 Qh1+ (33... Rxh3 34. Rg8+ (34. Qxc5 Rh1+) 34... Kh6 35. Qd2+ (35. d8=R Rh1+ {[%mdl 64] Skewer}) 35... Re3 36. Qh2+ (36. d8=R Qf3+ 37. Kg1 Qxg4+ 38. Kh1 Qe4+ 39. Kg1 Qg4+ 40. Kh2 Qf4+ 41. Kh1 Qe4+ 42. Kg1 Qg4+ $11) (36. d8=R Qf4+ 37. Kg2 Qf3+ 38. Kg1 Qxg4+ 39. Kh1 Qe4+ 40. Kg1 Qg4+ 41. Kh2 Qf4+ 42. Kh1 Qe4+ 43. Kg1 Qg4+ $11)) 34. Ke2 {[%emt 0:00:06] Rg8+ would kill now.} Qe4+ (34... Qxc1 35. Rg8+ (35. Qxg3 $2 Nd4+ 36. Kf2 Qd2+ 37. Kf1 Qe2+ 38. Kg1 Nf3+ $19) 35... Kh6 36. Qxg3 (36. d8=B $2 Nc3#) (36. g5+ $2 Qxg5 37. Re8 Nd4+ $19) 36... Nd4+ 37. Kf2 Qc2+ 38. Kf1 Qc4+ 39. Kg2 Qd5+ 40. Kg1 (40. Kf1 Qc4+ 41. Kg2 Qd5+ 42. Kg1 Ne2+ 43. Kf2 Nxg3 $16) 40... Ne2+ 41. Kf2 Nxg3 42. d8=Q Ne4+ 43. Ke3 Qxd8 44. Rxd8 $14) 35. Kf1 {[%emt 0:00:17] The board is on fire.} Rf3 $2 (35... Rxh3 {leads to mate.} 36. Rg8+ (36. Qxc5 {is a self mate.} Rh1+) 36... Kh6 37. Qd2+ (37. d8=R Rh1+ {[%mdl 64] Skewer}) 37... Re3 38. Qh2+ (38. d8=R Qf4+ 39. Kg2 Qxg4+ 40. Kh2 Qf4+ 41. Kh1 Qe4+ 42. Kg1 Qg4+ 43. Kh2 Qf4+ 44. Kh1 Qe4+ 45. Kg1 Qg4+ 46. Kh2 $11) (38. d8=R Qf4+ 39. Kg2 Qxg4+ 40. Kh2 Qf4+ 41. Kh1 Qe4+ 42. Kg1 Qg4+ 43. Kh1 Qe4+ 44. Kg1 Qg4+ 45. Kh1 Qe4+ $11)) (35... Qd3+ $19 36. Qe2 Qd5) 36. Rg8+ $1 $11 {[%emt 0:00:46][%mdl 64] Decoy} Kxg8 37. d8=Q+ Kg7 38. Qdd2 Nd4 $17 39. Rc3 {[%emt 0:02:59] And now Rxf3 would win.} Rxf2+ 40. Kxf2 {[%emt 0:00:00][%mdl 4096] Endgame KQR-KQN} Ne6 (40... Qb7 $17 41. Qe3 Qb2+ 42. Kf1 Qb5+ 43. Qd3 Qa5) 41. Qe3 $1 $11 Qd5 42. Ra3 (42. Rd3 $11 Qb7 43. Qe5+ Kg8 44. g5) 42... h5 43. Rxa7 {[%emt 0:02:27] The position is equal.} h4 44. Qc3+ Qd4+ 45. Qxd4+ cxd4 {[%emt 0:00:05] KR-KN} 46. Rd7 Kf6 47. Rd5 Nf4 48. Rxd4 Nxh3+ 49. Ke3 Ng5 50. Ra4 Ne6 51. Ra5 g5 52. Ke4 {[%emt 0:00:27][%mdl 1024] White has compensation.} Kg6 53. Ke5 h3 54. Ra8 Kg7 55. Ra1 Kg6 56. Ra8 Kg7 57. Ke4 {A brilliant game!   Weighted Error Value: White=0.45/Black=0.36} 1/2-1/2

[Event "Polish Youth B18 Championship 2023"]
[Site "Jastrzebia Gora"]
[Date "2023.03.18"]
[Round "8.8"]
[White "Czernek, Tymon"]
[Black "Wojdak, Jan"]
[Result "1/2-1/2"]
[ECO "C50"]
[WhiteElo "2314"]
[BlackElo "2097"]
[Annotator "TA"]
[PlyCount "84"]
[EventDate "2023.03.11"]
[EventType "swiss"]
[EventCountry "POL"]
[SourceTitle "playchess.com"]
[Source "ChessBase"]
[SourceQuality "1"]
[TimeControl "40/5400+30:1800+30"]

1. e4 e5 2. Nf3 Nc6 3. Bc4 Nf6 4. d3 Bc5 5. O-O d6 6. c3 a5 {[%emt 0:00:06] C54: Giuoco Piano: 4 c3 Nf6, main lines with 5 d4 and 5 d3.} 7. Nbd2 O-O 8. h3 Be6 9. Re1 h6 10. Bb3 Bxb3 11. axb3 Re8 12. Nf1 d5 13. Qe2 Qd7 14. Ng3 Rad8 {[%emt 0:01:46] [#]} 15. Be3 $146 ({Predecessor:} 15. Nf5 Bf8 16. Nh2 Kh7 17. Ng4 Nxg4 18. hxg4 Qe6 19. g5 g6 20. Nxh6 Bxh6 21. gxh6 dxe4 22. dxe4 Qxb3 {1-0 Dourerassou,J (2477)-Kollars,D (2586) Titled Tuesday intern op 19th May blitz 2020 (3)}) 15... Bxe3 16. Qxe3 dxe4 17. dxe4 Qd3 18. Qc5 Nd7 19. Qd5 Nb6 (19... Ndb8 $5 20. Qc4 Qxc4 21. bxc4 Na6 $15) 20. Qxd3 Rxd3 21. Nf5 f6 22. Ne3 (22. Red1 $11 Rxd1+ 23. Rxd1) 22... Ra8 (22... Nd7 $17) 23. Kf1 $11 Rdd8 24. Ke2 Ne7 25. Red1 Rxd1 26. Rxd1 Kf7 27. c4 Ke8 28. Nh4 Nd7 29. Nhf5 Nxf5 30. Nxf5 {[%emt 0:00:01][%mdl 4096] Endgame KRN-KRN} g6 31. Nxh6 Nc5 32. Ke3 Nxb3 33. f4 exf4+ 34. Kxf4 Nc5 35. e5 Ne6+ 36. Ke3 (36. Kf3 $5 ) 36... f5 {[%emt 0:04:50] [#] And now ...Ke7 would win.} 37. Ng8 Rd8 (37... Kf7 $5 38. Nf6 $8 Nc5 $15) 38. Nf6+ {[%emt 0:00:06] The position is equal.} Kf7 39. Rd5 b6 40. Rxd8 Nxd8 41. Nd5 Ne6 42. h4 Kg7 {[%emt 0:04:39] Weighted Error Value: White=0.10 (very precise) /Black=0.10 (very precise)} 1/2-1/2

[Event "Polish Youth B18 Championship 2023"]
[Site "Jastrzebia Gora"]
[Date "2023.03.18"]
[Round "8.9"]
[White "Paprocki, Antoni"]
[Black "Dziendziel, Mateusz"]
[Result "1-0"]
[ECO "B57"]
[WhiteElo "2255"]
[BlackElo "2084"]
[Annotator "TA"]
[PlyCount "96"]
[EventDate "2023.03.11"]
[EventType "swiss"]
[EventCountry "POL"]
[SourceTitle "playchess.com"]
[Source "ChessBase"]
[SourceQuality "1"]
[TimeControl "40/5400+30:1800+30"]

1. e4 {[%emt 0:00:24] Gheorghiu,Florin} c5 2. Nf3 d6 3. d4 cxd4 4. Nxd4 Nf6 5. Nc3 Nc6 6. Bc4 Qb6 7. Nb3 a6 8. O-O e6 9. Be3 Qc7 10. Bd3 b5 11. f4 Bb7 12. Qf3 Be7 13. a4 {[%emt 0:06:02] 13.Kh1 is setting a new trend.} b4 14. Ne2 h5 {[%emt 0:05:00] B82: Sicilian Scheveningen: 6 f4.} 15. a5 Nd7 {[%emt 0:05:03] [#]} 16. Ned4 $146 ({Predecessor:} 16. Qh3 Nc5 17. Ng3 h4 18. Nh1 Nb8 19. f5 e5 20. Nxc5 dxc5 21. b3 Nc6 22. Qg4 Kf8 23. f6 gxf6 {1-0 Ghizdavu,D-Badilles,G Olympiad-20 Preliminaries H 1972 (6)}) 16... Bf6 {[%emt 0:11:29] White is slightly better.} 17. Qf2 Rc8 18. Nxc6 Qxc6 19. Bd4 e5 (19... Nc5 {simplifies} 20. Nxc5 Bxd4 21. Qxd4 Qxc5 22. Qxc5 dxc5 23. e5 Ke7) 20. fxe5 Nxe5 21. h3 (21. Qd2 $14) 21... Rh6 22. Qd2 Rg6 23. Qxb4 Qd7 24. Kh1 Nxd3 25. cxd3 Rc2 26. Rf2 ({Not} 26. Bxf6 $2 Rgxg2 27. Rf3 Rh2+ 28. Kg1 Rxh3 $19) 26... Rxf2 27. Bxf2 Bxb2 {[%emt 0:01:43] [#]} (27... Be7 $14) 28. Nc5 dxc5 29. Qxb2 Bc6 30. Qe5+ Qe7 31. Qb8+ ({Much worse is} 31. Qxc5 $6 Qxc5 32. Bxc5 f5 $11) (31. Qxh5 $16 {Bh4 is the strong threat.} Qg5 32. Qh8+ Kd7 33. Rg1) 31... Qd8 $11 32. Qe5+ ({White should try} 32. Rb1 $11 Qxb8 33. Rxb8+ Kd7 34. Bxc5) 32... Qe7 $16 33. Qxh5 {[%emt 0:00:04] Black must now prevent Bh4. White is more active.} Qg5 {[%emt 0:03:25][%csl Gg6][%cal Rg5g2] Prevents Bh4.} 34. Qh8+ Kd7 35. Rg1 {[%emt 0:00:04] aiming for Qb8.} f5 (35... Rd6 $16 {was worth a try.}) 36. Qb8 ({Inferior is} 36. Bxc5 fxe4 37. Qf8 exd3 38. Qf7+ Kc8 39. Qf8+ Qd8 40. Qf5+ Qd7 41. Qf8+ Qd8 42. Qf5+ Qd7 43. Qf8+ Qe8 44. Qf5+ Qd7 $11) 36... fxe4 37. dxe4 {[%emt 0:00:58] Threatens to win with Rd1+.} Rd6 {[%emt 0:02:42][%mdl 8192] Prevents Rd1. A mistake that costs the game.} (37... Ke7 $16) 38. Qa7+ $18 Ke6 39. Qxa6 $2 (39. Bxc5 Bb5 40. Bxd6 Kxd6 41. Rd1+ Ke6 42. Qc7) 39... Bxe4 40. Qe2 $36 {[%emt 0:00:00][%mdl 2048] White is on the roll.} Qf5 (40... Qg6 41. Bxc5 Rd3) 41. Kh2 (41. Bg3 $18 {and the rest is easy.} Rd3 42. Bh2) 41... Rd3 (41... Kf7 $16 42. Bh4 Kg8) 42. Re1 Kd5 43. a6 Ra3 {[%emt 0:04:16] Repels Qa2+} 44. Bg3 Qg6 45. Rd1+ Bd3 {[%emt 0:00:16] [#]} 46. a7 $1 {[%emt 0:00:35][%mdl 512] White mates.} c4 (46... Qa6 47. Qf3+) 47. Qe5+ Kc6 48. Qb8 {[%emt 0:00:07] Black is weak on the dark squares} Kd5 {Artfully played by Paprocki.   Weighted Error Value: White=0.34/Black=0.53} 1-0

[Event "Polish Youth B18 Championship 2023"]
[Site "Jastrzebia Gora"]
[Date "2023.03.18"]
[Round "8.10"]
[White "Kolodziejski, Piotr"]
[Black "Madajczak, Piotr"]
[Result "1/2-1/2"]
[ECO "A45"]
[WhiteElo "2118"]
[BlackElo "1897"]
[Annotator "TA"]
[PlyCount "147"]
[EventDate "2023.03.11"]
[EventType "swiss"]
[EventCountry "POL"]
[SourceTitle "playchess.com"]
[Source "ChessBase"]
[SourceQuality "1"]
[TimeControl "40/5400+30:1800+30"]

1. d4 Nf6 2. Nc3 d5 3. Bf4 a6 4. e3 e6 5. Nf3 c5 6. dxc5 {[%emt 0:12:44] D00: 1 d4 d5: Unusual lines.} Bxc5 7. Bd3 Nc6 (7... Nbd7 {is more complex.} 8. e4 Qb6 9. O-O Qxb2 10. Qd2 dxe4 11. Nxe4 Nxe4 12. Bxe4 Qb4) 8. O-O O-O 9. h3 h6 {[%emt 0:15:18] [#]} 10. Bh2 $146 ({Predecessor:} 10. e4 dxe4 11. Nxe4 Nxe4 12. Bxe4 Qf6 13. Bg3 Qxb2 14. Qe2 Bd7 15. Rab1 Qc3 16. Rxb7 {1-0 Liyanage,R (2331)-Singh,O (2382) Asian Continental Blitz op 19th 2022 (9)}) 10... Bd6 11. e4 Bxh2+ 12. Nxh2 d4 13. Ne2 e5 14. f4 exf4 15. Nxf4 Re8 16. Qf3 Ne5 (16... Be6 {keeps more tension.} 17. Qg3 Qd6 18. Nf3 Rad8) 17. Qf2 Qb6 (17... Bd7 $11) 18. Nf3 $14 {[%emt 0:07:36] Black must now prevent Nxe5.} Nxf3+ (18... Qxb2 $2 19. Nxe5 Rxe5 20. Nd5 $18) (18... Qc7 $1 $14) 19. Qxf3 $16 Re7 (19... Qxb2 $2 20. Nd5 Qa3 21. e5 Rxe5 22. Nxf6+ Kh8 23. Nd5 $18) 20. Rae1 {[%emt 0:03:36] Threatens to win with e5.} Bd7 21. Nd5 Nxd5 22. exd5 Rae8 23. Rxe7 Rxe7 {[%emt 0:00:01] [#]} 24. d6 $1 {[%emt 0:04:50][%mdl 64] Deflection} Qxd6 25. Qxb7 Qe5 26. Qxa6 {[%emt 0:01:59] White has more active pieces.} Bxh3 {[%emt 0:01:05] [#]} 27. Qa8+ $1 (27. gxh3 $6 Qg3+ 28. Kh1 Qxh3+ 29. Kg1 Qg3+ 30. Kh1 Qh3+ 31. Kg1 Qg3+ 32. Kh1 Qh3+ $11) 27... Re8 28. Qf3 Be6 29. a4 Bd5 {[%emt 0:00:28] [#]} (29... Qc5 $16 30. Qf4 f6) 30. Qf5 (30. Qf4 $1 $18) 30... Qe3+ $1 $14 31. Kh2 Re5 32. Qc8+ (32. Qh7+ Kf8 33. Rf5 (33. Qh8+ $2 Ke7 $19) 33... Ke7 34. Rxe5+ (34. Qxg7 $2 Rxf5 {[%mdl 64] Remove Defender} 35. Bxf5 Qf4+ 36. Kg1 Qxf5 $19) 34... Qxe5+ 35. Kh1 Qe1+ 36. Kh2 Qe5+ 37. Kg1 Qg3 $17) 32... Re8 33. Qf5 ({White should try} 33. Qh3 $14) 33... Re5 $1 $132 {[%emt 0:00:05][%mdl 2048] Black puts up resistance} 34. Qc8+ ({But not} 34. Qh7+ Kf8 35. Rf5 (35. Qh8+ $2 Ke7 $19) 35... Ke7 36. Rxe5+ (36. Qxg7 $2 {perishes.} Rxf5 {[%mdl 64] Remove Defender} 37. Bxf5 Qf4+ 38. Kg1 Qxf5 $19) 36... Qxe5+ 37. Kh1 Qe1+ 38. Kh2 Qe5+ 39. Kg1 Qg5 $17) (34. Qh3 $11) 34... Re8 $14 35. Qh3 {[%emt 0:00:40] Some like it hot} Qe5+ 36. Qg3 $1 {[%emt 0:00:26] Qxe5 would be deadly.} Qh5+ 37. Kg1 {[%emt 0:00:06] aiming for a5.} g6 38. Re1 {[%emt 0:03:21] Repels Re5} (38. Qf4 $16) 38... Rxe1+ $11 39. Qxe1 {[%emt 0:00:04][%mdl 4096] Endgame KQB-KQB} Qg5 40. Bf1 Bb7 (40... h5 $11) 41. a5 (41. Qf2 $16) 41... d3 $1 42. cxd3 {[%emt 0:04:40] Strongly threatening d4.} Qc5+ 43. d4 Qxd4+ 44. Qf2 Qd1 45. Qf6 Qa1 46. a6 Bxa6 {[%emt 0:01:13][%mdl 64] Deflection} 47. Qxa6 Qxb2 48. Qa8+ Kg7 49. Qe4 {[%emt 0:00:24] Prevents Qd4+.} h5 50. Qf4 Qa1 51. Kh2 Qa7 52. Qe5+ f6 53. Qf4 Qd7 54. Bc4 Qe7 55. Bd3 Qd7 56. Qg3 Qf7 57. Kh1 Kh7 58. Bc2 Kg7 59. Qd3 Qe8 60. Qe4 Qxe4 61. Bxe4 $14 {[%emt 0:00:06] KB-K3P} f5 62. Bc6 g5 63. Kh2 Kf6 64. Kg3 (64. Be8 $5 ) 64... Ke5 65. Bd7 (65. Be8 $5 h4+ 66. Kh3 $16) 65... Ke4 66. Kf2 (66. Be8 $5 h4+ 67. Kh3 $14) 66... h4 {[%emt 0:00:32] The position is equal.} 67. Ba4 Kf4 68. Bc2 g4 69. Ba4 Kg5 70. Bd7 f4 71. Bc8 h3 72. gxh3 gxh3 73. Bxh3 f3 74. Kxf3 {[%emt 0:00:06] Weighted Error Value: White=0.13 (very precise) /Black=0.12 (very precise)} 1/2-1/2